Map: Bastion of the Conclave

Players

JcK

  • Race: Zerg Zerg
  • Spawn Location: 12:00

Edclzr

  • Race: Protoss Protoss
  • League: Silver
  • Spawn Location: 0:00

Swag

  • Race: Terran Terran
  • Spawn Location: 12:00

Liz

  • Race: Terran Terran
  • Spawn Location: 6:00

Infamous

  • Race: Protoss Protoss
  • League: Silver
  • Spawn Location: 6:00

Kamelot

  • Race: Terran Terran
  • Spawn Location: 6:00

VOD

Have the link to the VOD?

Description

Time

  • Played on: April 4, 2018, 11:59 a.m.
  • Length: 17:05
Show
View Real Time Build Order
Export as new Build Order

JcK Zerg 

Build Orders: Pool First 

Get SALT Encoding   

  12  0:03  Drone  
  13  0:08  Drone  
  14  0:18  Overlord  
  14  0:38  Drone  
  14  0:39  Spawning Pool  
  14  0:41  Drone  
  15  0:46  Drone  
  16  0:51  Drone  
  16  0:55  Extractor  
  16  1:00  Drone  
  17  1:11  Drone  
  18  1:23  Drone  
  19  1:25  Queen  
  21  1:33  Zergling x2  
  22  1:43  Overlord  
  22  1:55  Extractor  
  22  1:56  Drone  
  22  2:04  Lair  
  22  2:10  Drone  
  23  2:21  Drone  
  24  2:36  Zergling x4  
  26  2:41  Spore Crawler  
  25  2:46  Drone, Spine Crawler  
  25  2:47  Drone x2  
  27  3:14  Drone x2, Spine Crawler  
  27  3:15  Overlord  
  27  3:31  Spire  
  24  4:03  Spine Crawler  
  24  4:07  Drone  
  24  4:09  Overlord  
  24  4:20  Hatchery  
  23  4:44  Mutalisk x3  
  23  4:45  Mutalisk x3  
  33  4:50  Drone  
  36  5:10  Mutalisk  
  38  5:20  Zerg Flyer Weapons Level 1  
  38  5:33  Queen  
  38  5:34  Drone  
  41  5:38  Pneumatized Carapace  
  41  5:43  Drone  
  41  5:47  Spore Crawler  
  41  5:50  Spine Crawler  
  40  6:00  Drone  
  39  6:37  Drone x3  
  42  6:40  Mutalisk x3  
  48  6:53  Spore Crawler, Drone  
  48  6:58  Mutalisk  
  50  7:03  Drone  
  51  7:08  Extractor  
  51  7:10  Extractor  
  51  7:14  Spine Crawler  
  48  7:17  Mutalisk  
  48  7:20  Drone x2  
  52  7:23  Overlord  
  52  7:24  Overlord x2  
  52  7:25  Overlord  
  52  7:47  Drone x6  
  58  7:55  Infestation Pit  
  57  8:00  Drone  
  58  8:12  Zerg Flyer Weapons Level 2  
  58  8:15  Drone  
  58  8:16  Drone x3  
  62  8:30  Drone  
  63  8:34  Hive  
  63  8:38  Drone  
  64  8:49  Hatchery  
  64  8:52  Drone x3  
  64  8:54  Queen  
  68  8:55  Drone  
  69  9:08  Corruptor  
  69  9:09  Corruptor x2  
  75  9:29  Overlord  
  75  9:30  Overlord  
  75  9:46  Overlord x2  
  75  9:47  Overlord  
  75  9:57  Drone  
  75  9:58  Drone x3  
  79  10:03  Drone  
  80  10:15  Drone  
  80  10:16  Extractor  
  80  10:18  Extractor  
  79  10:23  Drone  
  80  10:29  Greater Spire  
  80  10:33  Drone  
  80  10:35  Drone x5  
  86  10:52  Drone x3  
  89  11:03  Mutalisk x5  
  89  11:04  Mutalisk x8  
  107  11:20  Mutalisk  
  107  11:21  Mutalisk x4  
  107  11:45  Drone x4  
  107  11:46  Overlord x3  
  107  11:47  Overlord x2  
  111  11:54  Spore Crawler  
  111  11:57  Spore Crawler  
  111  11:58  Spore Crawler x2  
  111  12:00  Spore Crawler  
  106  12:05  Drone, Spine Crawler  
  106  12:06  Drone  
  106  12:07  Spore Crawler  
  106  12:31  Queen  
  108  12:41  Brood Lord x3  
  114  12:49  Drone x2  
  114  12:50  Drone  
  117  12:52  Overlord x2  
  117  13:21  Corruptor x4  
  117  13:22  Corruptor x3  
  131  13:35  Overlord x2  
  131  13:57  Hatchery  
  130  14:08  Spore Crawler  
  129  14:14  Spore Crawler  
  128  14:21  Brood Lord x2  
  128  14:22  Brood Lord x2  
  136  14:30  Zerg Flyer Armor Level 1  
  136  14:46  Corruptor x3  
  130  15:40  Drone x3  
  133  15:52  Drone  
  134  16:18  Queen  
  136  16:19  Drone x4  
  138  16:37  Spine Crawler  
  138  16:38  Spine Crawler  
  136  16:42  Spine Crawler  
  136  16:45  Spore Crawler  
  136  16:46  Drone x3, Spore Crawler  
Show
View Real Time Build Order
Export as new Build Order

Edclzr Protoss 

Build Orders:  

Get SALT Encoding   

  12  0:33  Assimilator  
  12  0:37  Assimilator  
  12  0:42  Pylon  
  12  0:49  Pylon  
  12  0:51  Probe  
  13  1:03  Probe  
  14  1:15  Probe  
  14  1:16  Forge  
  15  1:27  Probe  
  16  1:39  Probe  
  17  1:43  Gateway  
  17  1:51  Probe  
  18  2:03  Probe  
  19  2:16  Probe  
  19  2:17  Pylon  
  20  2:23  Pylon  
  20  2:28  Probe  
  21  2:35  Cybernetics Core  
  21  2:40  Probe, Photon Cannon  
  22  3:15  Twilight Council  
  22  3:23  Warp Gate (Chrono Boost)  
  22  3:29  Pylon  
  22  3:47  Nexus  
  22  4:00  Stargate  
  22  4:01  Stargate  
  22  4:06  Gateway  
  22  4:10  Probe  
  23  4:22  Probe  
  24  4:31  Blink  
  24  4:34  Probe  
  25  4:44  Probe  
  25  4:52  Probe  
  27  5:00  Probe, Assimilator  
  27  5:02  Assimilator  
  27  5:05  Probe  
  29  5:12  Probe  
  30  5:17  Probe  
  31  5:25  Probe  
  32  5:29  Probe  
  32  5:34  Void Ray x2  
  41  5:41  Probe  
  42  5:53  Probe  
  43  6:03  Cybernetics Core  
  43  6:05  Probe, Forge  
  43  6:07  Forge  
  44  6:13  Pylon  
  44  6:17  Pylon, Probe  
  45  6:27  Photon Cannon  
  45  6:29  Probe, Photon Cannon  
  46  6:36  Photon Cannon  
  46  6:42  Pylon  
  46  6:49  Probe (Chrono Boost)  
  47  7:00  Probe (Chrono Boost)  
  47  7:01  Void Ray x2 (Chrono Boost)  
  48  7:04  Probe (Chrono Boost)  
  58  7:15  Probe  
  58  7:17  Protoss Air Armor Level 1  
  58  7:18  Protoss Air Weapons Level 1  
  58  7:20  Protoss Shields Level 1  
  58  7:27  Probe  
  59  7:39  Probe  
  59  7:41  Void Ray x2  
  68  8:08  Nexus  
  68  8:12  Pylon  
  68  8:15  Pylon  
  68  8:20  Assimilator  
  68  8:25  Assimilator  
  68  8:32  Void Ray x2  
  76  8:39  Stargate  
  76  8:42  Stargate  
  76  9:03  Fleet Beacon  
  76  9:08  Templar Archives  
  76  9:11  Dark Shrine  
  76  9:16  Robotics Facility  
  76  9:18  Robotics Facility  
  76  9:30  Probe  
  77  9:32  Probe  
  78  9:44  Probe  
  79  9:48  Mothership  
  79  9:49  Anion Pulse-Crystals  
  87  9:56  Probe  
  88  10:03  Photon Cannon  
  88  10:05  Photon Cannon  
  88  10:08  Photon Cannon  
  88  10:09  Probe  
  88  10:11  Photon Cannon  
  89  10:21  Probe  
  90  10:39  Void Ray x3  
  102  10:44  Void Ray  
  106  10:53  Graviton Catapult  
  54  11:22  Void Ray x2  
  61  11:34  Probe  
  62  11:46  Probe  
  63  11:48  Void Ray x2  
  63  11:52  Probe  
  72  11:58  Probe  
  73  12:04  Probe  
  74  12:16  Probe  
  75  12:31  Probe  
  75  12:34  Probe  
  77  12:43  Probe  
  77  12:44  Pylon  
  78  12:46  Probe, Pylon  
  78  12:50  Pylon  
  79  12:54  Observer  
  79  12:55  Probe, Observer  
  79  12:58  Probe  
  83  13:02  Photon Cannon  
  83  13:05  Photon Cannon  
  83  13:07  Probe  
  83  13:08  Photon Cannon  
  83  13:10  Probe  
  85  13:15  Robotics Bay  
  85  13:19  Probe  
  86  13:22  Probe  
  87  13:28  Protoss Air Weapons Level 2, Protoss Air Armor Level 2  
  87  13:34  Probe  
  87  13:35  Assimilator  
  87  13:36  Pylon  
  88  13:41  Pylon  
  88  13:46  Pylon, Probe  
  89  13:50  Pylon  
  89  13:57  Protoss Shields Level 2, Protoss Ground Weapons Level 1, Protoss Ground Armor Level 1  
  89  13:58  Probe  
  90  14:03  Observer Gravitic Boosters  
  90  14:12  Probe  
  91  14:24  Probe  
  92  14:36  Probe  
  93  14:40  Carrier x2  
  105  14:48  Probe  
  105  14:51  Carrier  
  112  15:00  Probe, Gravitic Drive  
  112  15:01  Carrier  
  87  16:05  Void Ray  
  87  16:06  Void Ray  
  91  16:15  Nexus  
  91  16:17  Void Ray  
  95  16:18  Assimilator  
  107  16:50  Assimilator  
Show
View Real Time Build Order
Export as new Build Order

Swag Terran 

Build Orders:  

Get SALT Encoding   

  12  0:04  SCV  
  13  0:17  SCV  
  14  0:40  Refinery  
  14  0:42  Supply Depot  
  14  0:43  SCV  
  15  1:03  SCV  
  16  1:09  Barracks  
  16  1:15  SCV  
  17  1:27  SCV  
  18  1:39  SCV  
  19  2:01  Command Center  
  19  2:17  Supply Depot  
  19  2:20  Barracks Reactor  
  19  2:30  Supply Depot  
  19  2:49  Supply Depot  
  19  3:27  Supply Depot  
  19  3:38  Marine  
  19  3:39  Marine  
  21  3:47  Factory  
  21  3:53  SCV  
  22  3:56  Marine x2  
  24  4:05  SCV  
  24  4:08  Refinery  
  25  4:10  SCV  
  25  4:14  Marine x2  
  29  4:17  SCV  
  29  4:22  SCV, Refinery  
  30  4:29  SCV  
  31  4:32  Marine x2  
  31  4:35  SCV  
  31  4:36  Factory Tech Lab  
  34  4:41  SCV  
  35  4:47  SCV  
  35  4:51  Starport  
  36  4:57  Supply Depot  
  36  4:59  SCV  
  37  5:22  Armory  
  37  5:30  Starport Reactor  
  37  5:34  Supply Depot  
  37  5:41  Starport  
  37  5:51  Command Center  
  37  6:05  SCV  
  38  6:17  SCV  
  39  6:20  Starport Reactor  
  39  6:27  Starport  
  39  6:29  SCV  
  40  6:33  Supply Depot  
  40  6:41  SCV  
  41  6:53  SCV  
  42  6:57  Viking x2  
  46  7:08  Refinery  
  47  7:15  SCV  
  47  7:16  Refinery  
  47  7:27  SCV, Viking  
  50  7:40  SCV  
  50  7:42  Refinery  
  50  7:43  SCV  
  52  7:52  SCV  
  52  7:55  SCV  
  54  8:07  SCV  
  55  8:17  Viking x2  
  55  8:19  SCV  
  60  8:20  Starport Reactor  
  60  8:24  Viking x2  
  64  8:31  SCV  
  65  8:47  Viking x2  
  69  8:48  SCV  
  69  8:54  Viking x2  
  74  9:01  SCV  
  74  9:02  Supply Depot  
  75  9:04  Supply Depot  
  75  9:07  Terran Vehicle Weapons Level 1  
  75  9:13  SCV  
  76  9:25  SCV  
  76  9:31  Viking x2  
  79  9:37  SCV  
  82  10:00  Viking x2  
  82  10:01  Viking x2  
  82  10:04  Viking  
  82  10:05  Viking  
  94  10:14  Supply Depot  
  94  10:26  Supply Depot  
  94  10:30  Viking x2  
  94  10:34  Viking x2  
  102  10:51  Supply Depot  
  102  10:59  Supply Depot  
  102  11:01  Terran Vehicle And Ship Armor Level 1  
  100  11:55  Viking x2  
  100  11:58  Viking x2  
  108  12:02  Viking x2  
  112  12:25  Viking x2  
  112  12:28  Viking x2  
  120  12:32  Viking x2  
  124  12:49  Supply Depot  
  124  12:55  Terran Ship Weapons Level 1, Viking x2  
  128  12:58  Viking x2  
  128  13:02  Viking x2  
  136  13:25  Viking x2  
  140  13:28  Viking x2  
  140  13:32  Viking x2  
  148  13:38  Supply Depot  
  148  13:55  Viking x2  
  152  13:58  Viking x2  
  152  14:02  Viking x2  
  160  14:25  Supply Depot  
  160  14:34  Viking x2  
  160  14:37  Viking x2  
  168  14:40  Viking x2  
  172  14:49  Terran Vehicle Weapons Level 2  
  172  14:53  Supply Depot  
  172  15:33  Viking  
  172  15:34  Viking  
  158  15:36  Viking x2  
  158  15:38  Viking x2  
  144  15:47  Supply Depot  
  126  15:52  Supply Depot  
  122  16:05  SCV  
  123  16:17  SCV  
  124  16:25  Viking x2  
  128  16:27  Viking  
  128  16:28  Viking  
  128  16:29  SCV  
Show
View Real Time Build Order
Export as new Build Order

Liz Terran 

Build Orders:  

Get SALT Encoding   

  12  1:55  Command Center  
  12  1:57  Refinery  
  12  2:17  Supply Depot  
  12  2:20  SCV  
  13  2:26  Refinery  
  13  2:31  Engineering Bay  
  13  2:33  SCV  
  13  2:45  SCV  
  14  2:57  SCV  
  15  3:03  Refinery  
  15  3:09  SCV  
  16  3:21  SCV  
  17  3:28  Missile Turret  
  17  3:33  SCV  
  18  3:38  Barracks  
  18  3:40  SCV  
  19  3:45  SCV  
  20  3:52  SCV  
  21  3:56  Missile Turret  
  21  3:57  SCV  
  22  4:04  SCV  
  22  4:09  SCV  
  24  4:10  Missile Turret  
  24  4:16  SCV  
  25  4:19  Missile Turret  
  25  4:21  SCV  
  26  4:26  Missile Turret  
  26  4:28  Missile Turret, SCV  
  27  4:34  SCV  
  27  4:36  Missile Turret  
  28  4:40  Marine  
  28  4:41  SCV  
  30  4:52  Refinery  
  30  4:53  SCV  
  30  4:58  Marine  
  30  4:59  Ghost Academy  
  32  5:05  SCV  
  33  5:14  Orbital Command  
  33  5:16  Marine  
  33  5:17  SCV  
  35  5:33  Marine  
  35  5:34  Factory  
  36  5:51  Marine  
  36  5:53  Planetary Fortress  
  37  6:09  Marine  
  38  6:16  Missile Turret  
  38  6:21  Factory Tech Lab  
  38  6:35  Starport  
  38  7:15  Supply Depot  
  38  7:20  Supply Depot  
  38  7:26  Starport  
  38  7:36  Marine, Siege Tank  
  42  7:37  Supply Depot  
  42  7:40  Missile Turret  
  42  7:53  Starport Tech Lab  
  42  7:54  Marine  
  43  8:07  Starport  
  43  8:08  Siege Tank  
  46  8:20  Medivac  
  46  8:24  Viking  
  50  8:32  SCV  
  51  8:40  Siege Tank  
  54  8:44  SCV  
  55  8:54  Viking  
  57  8:56  SCV  
  58  9:08  SCV  
  59  9:13  Siege Tank  
  62  9:22  Starport Tech Lab x2  
  62  9:34  Supply Depot  
  62  9:56  SCV, Viking  
  65  10:17  Command Center  
  65  10:33  Fusion Core  
  65  10:42  Armory  
  65  11:33  Missile Turret  
  65  11:35  Refinery  
  65  11:39  Missile Turret  
  65  11:45  SCV  
  66  11:47  Missile Turret  
  66  11:57  Supply Depot  
  66  11:58  SCV  
  67  12:10  SCV  
  67  12:11  Missile Turret  
  68  12:22  SCV  
  69  12:31  Refinery  
  69  12:34  SCV  
  69  12:35  Missile Turret  
  70  12:47  Starport  
  70  12:59  Battlecruiser x3  
  70  13:00  Starport  
  88  13:25  Starport, Missile Turret  
  88  13:29  Missile Turret  
  88  13:51  Armory  
  88  13:52  Supply Depot  
  88  13:56  Starport Tech Lab  
  88  13:59  Starport Tech Lab  
  88  14:03  Battlecruiser x2  
  100  14:11  Starport Tech Lab  
  100  14:14  Battlecruiser  
  106  14:39  Supply Depot  
  106  15:01  Battlecruiser  
  112  15:41  Supply Depot  
  112  15:49  Battlecruiser x2  
  130  16:28  Missile Turret  
  130  16:30  Missile Turret  
  130  16:35  Missile Turret  
  130  16:39  Missile Turret  
  130  16:43  Missile Turret  
  132  16:56  Supply Depot  
  132  17:03  Supply Depot  
Show
View Real Time Build Order
Export as new Build Order

Infamous Protoss 

Build Orders: Nexus First, Zealot Archon 

Get SALT Encoding   

  12  0:04  Probe  
  13  0:20  Pylon, Probe  
  14  0:32  Probe  
  15  0:45  Probe  
  16  1:00  Nexus  
  16  1:06  Probe  
  17  1:16  Forge  
  17  1:18  Probe  
  18  1:35  Gateway  
  18  1:42  Assimilator  
  18  1:46  Probe, Assimilator  
  19  1:57  Pylon  
  19  2:08  Probe (Chrono Boost)  
  21  2:17  Probe (Chrono Boost)  
  21  2:20  Probe (Chrono Boost)  
  21  2:22  Photon Cannon  
  22  2:25  Probe (Chrono Boost), Cybernetics Core  
  23  2:35  Pylon  
  23  2:55  Probe (Chrono Boost), Photon Cannon  
  23  2:56  Probe (Chrono Boost)  
  25  3:00  Warp Gate (Chrono Boost)  
  25  3:07  Probe (Chrono Boost)  
  26  3:15  Photon Cannon  
  26  3:16  Probe (Chrono Boost)  
  28  3:20  Probe (Chrono Boost)  
  28  3:36  Twilight Council  
  28  3:40  Probe, Pylon  
  30  3:47  Probe  
  30  3:52  Assimilator  
  30  3:56  Pylon  
  30  3:58  Probe  
  31  4:03  Protoss Ground Weapons Level 1 (Chrono Boost)  
  31  4:04  Probe  
  31  4:07  Gateway  
  32  4:20  Photon Cannon  
  32  4:23  Probe x2  
  34  4:33  Gateway  
  34  4:36  Templar Archives  
  34  4:49  Probe  
  34  4:50  Probe  
  36  4:58  Pylon  
  36  5:00  Pylon  
  36  5:01  Psionic Storm  
  36  5:12  Gateway  
  36  5:13  Gateway  
  36  5:16  Probe x2  
  38  5:21  High Templar x2  
  42  5:31  Gateway  
  42  5:32  Gateway  
  42  5:45  High Templar  
  42  5:47  Forge  
  44  6:05  Stalker x2  
  44  6:07  Robotics Facility  
  44  6:20  Archon  
  43  6:33  Stalker x2  
  47  6:45  Probe  
  47  6:46  Probe  
  49  6:56  Stalker x2  
  53  7:07  Assimilator  
  53  7:27  Photon Cannon  
  53  7:29  Photon Cannon  
  53  7:34  Pylon  
  53  7:36  Photon Cannon  
  53  7:42  Photon Cannon x2  
  53  7:48  Photon Cannon, High Templar x2  
  53  7:49  Protoss Ground Armor Level 1 (Chrono Boost)  
  53  7:50  Photon Cannon  
  57  7:53  Probe x2  
  59  8:06  Zealot x5  
  59  8:11  Archon  
  69  8:23  High Templar  
  71  8:33  Stalker x3  
  77  8:53  Immortal, Gateway x2  
  81  8:57  Gateway  
  81  9:11  Dark Shrine  
  81  9:12  Archon  
  81  9:38  Probe  
  81  9:39  Probe  
  81  9:44  High Templar  
  81  9:45  High Templar  
  87  9:48  Stalker  
  87  9:50  Zealot x2  
  93  9:56  Charge (Chrono Boost)  
  93  10:15  Probe  
  94  10:50  Pylon  
  94  10:53  Pylon  
  94  10:54  Probe x2  
  94  10:57  Pylon  
  94  10:59  Warp Prism  
  92  11:06  Probe  
  92  11:08  Archon  
  61  11:35  Stalker x5  
  61  11:36  Stalker x5  
  65  12:02  High Templar x5  
  75  12:17  Immortal  
  79  12:23  Archon x2  
  77  12:38  High Templar x2  
  77  12:41  Zealot x5  
  77  12:42  Zealot x3  
  97  13:04  Immortal  
  101  13:08  High Templar  
  101  13:11  Zealot  
  101  13:12  Zealot x6  
  117  13:18  Archon  
  117  13:27  Nexus  
  117  13:31  Pylon  
  117  13:33  Pylon  
  117  13:36  Pylon  
  117  13:38  Pylon  
  117  13:41  Pylon  
  117  13:45  Pylon  
  117  13:49  Pylon  
  117  13:54  Photon Cannon  
  117  13:56  Photon Cannon  
  117  13:57  Photon Cannon  
  117  13:59  Photon Cannon  
  117  14:01  Photon Cannon, Protoss Ground Weapons Level 2 (Chrono Boost)  
  117  14:02  Probe x2  
  119  14:04  Photon Cannon  
  119  14:06  Photon Cannon  
  119  14:16  Stalker  
  121  14:19  Stalker  
  121  14:23  Zealot  
  44  16:06  Probe x2  
  44  16:10  Stalker x5  
  44  16:11  Stalker x3  
  57  16:12  Stalker x2  
  57  16:18  Probe x2  
  67  16:30  Probe x2  
Show
View Real Time Build Order
Export as new Build Order

Kamelot Terran 

Build Orders:  

Get SALT Encoding   

  12  0:25  Supply Depot, SCV  
  13  0:37  SCV  
  14  0:49  SCV  
  15  0:55  Barracks  
  15  1:01  SCV  
  15  1:04  Refinery  
  16  1:21  Barracks  
  16  1:22  SCV  
  17  1:33  Refinery  
  17  1:34  SCV  
  18  1:46  SCV  
  19  1:52  Supply Depot  
  19  1:58  SCV  
  20  2:06  Barracks Tech Lab  
  20  2:17  Supply Depot  
  20  2:39  Barracks Reactor  
  20  2:54  SCV  
  21  3:00  Marine  
  22  3:07  SCV  
  22  3:17  Marine  
  22  3:18  Marine x2  
  24  3:44  Barracks Tech Lab  
  24  3:48  Barracks  
  24  3:52  Marine x2  
  26  4:06  Factory  
  26  4:10  SCV  
  27  4:22  SCV  
  27  4:24  Command Center  
  28  4:26  Combat Shields  
  28  4:28  Marine x3  
  31  4:34  SCV  
  32  4:52  Factory  
  32  5:00  Starport  
  32  5:12  Orbital Command  
  32  5:20  Barracks Reactor  
  32  5:29  Factory Tech Lab  
  32  5:36  Factory Tech Lab  
  32  5:37  Starport  
  32  5:38  Refinery  
  32  5:43  SCV  
  33  5:50  SCV  
  34  5:57  Orbital Command  
  34  6:03  SCV  
  35  6:04  Refinery  
  35  6:15  SCV  
  36  6:27  SCV  
  37  6:39  SCV  
  38  6:42  Starport Reactor x2  
  38  6:51  Engineering Bay  
  38  6:58  SCV  
  39  7:10  SCV  
  39  7:12  SCV  
  41  7:22  SCV  
  42  7:24  SCV  
  42  7:29  Missile Turret  
  43  7:34  SCV  
  43  7:36  SCV  
  45  7:44  Siege Tank x2  
  45  7:46  SCV  
  45  7:48  SCV  
  45  7:51  Marine  
  54  7:59  Missile Turret  
  54  8:01  Supply Depot  
  54  8:02  Supply Depot  
  54  8:19  Missile Turret  
  54  8:22  Marine x5  
  54  8:23  Siege Tank  
  54  8:24  Siege Tank  
  54  8:25  Supply Depot x2  
  65  8:36  Liberator x2  
  65  8:40  Marine x5  
  70  8:42  Missile Turret  
  70  8:47  Supply Depot  
  70  8:50  Supply Depot  
  70  8:53  Command Center  
  76  8:58  Marine x3  
  79  9:03  Missile Turret  
  79  9:05  Starport  
  79  9:13  Supply Depot  
  79  9:20  Armory  
  79  9:43  Starport  
  79  9:50  Barracks Reactor  
  79  10:08  Fusion Core  
  79  10:14  Supply Depot  
  79  10:15  Supply Depot x2  
  79  10:19  Orbital Command  
  79  10:20  Starport  
  79  10:23  Refinery  
  79  10:27  SCV  
  79  10:28  SCV  
  81  10:39  SCV  
  81  10:40  SCV  
  81  10:41  Starport Reactor  
  83  10:42  Starport Tech Lab  
  83  10:49  Refinery  
  83  10:51  SCV  
  83  10:52  SCV  
  85  10:59  Starport  
  85  11:03  SCV  
  87  11:04  SCV  
  87  11:15  SCV  
  87  11:16  SCV  
  87  11:18  Viking x5  
  93  11:19  Viking  
  101  11:40  Sensor Tower  
  101  11:56  SCV  
  102  12:08  SCV  
  103  12:09  Sensor Tower  
  103  12:10  Starport Tech Lab x2  
  103  12:16  Starport  
  103  12:20  SCV  
  103  12:21  Terran Ship Weapons Level 1  
  104  12:32  SCV  
  105  12:41  Battlecruiser x2  
  117  12:44  Battlecruiser  
  124  12:53  Starport  
  123  13:09  Thor  
  123  13:10  Thor  
  135  13:19  Supply Depot  
  135  13:33  Starport Tech Lab x2  
  135  13:42  Supply Depot  
  135  13:45  Battlecruiser  
  141  13:54  Battlecruiser x2  
  153  14:03  Battlecruiser  
  153  14:04  Supply Depot  
  159  14:15  Terran Vehicle Weapons Level 1  
  159  14:27  Supply Depot  
  159  14:28  Battlecruiser  
  165  14:32  Viking x3  
  165  14:33  Viking  
  173  14:48  Viking x2  
  173  14:51  Supply Depot  
  177  14:58  Marine x4  
  181  15:13  Marine x2  
  181  15:14  Supply Depot  
  183  15:16  Marine x4  
  187  15:31  Marine x2  
  187  15:37  Supply Depot  
  169  16:26  Viking x3  
  169  16:27  Viking x7  
Tags
 
Add a new tag
Caveats
  • Supply blocks, unpowered buildings, or Contaminate may cause inaccurate times.
  • Supply counts are checked every 10 seconds.